 Dungeon Crawl Stone Soup version 0.18.1-50-g88ac8fd (webtiles) character file.

434 Gargoyl the Skirmisher (level 6, 0/72 HPs)
             Began as a Demonspawn Abyssal Knight on Sept 19, 2016.
             Was a Priest of Lugonu.
             Slain by a giant frog skeleton (2 damage)
             ... on level 4 of the Dungeon.
             The game lasted 00:05:55 (4124 turns).

Gargoyl the Skirmisher (Demonspawn Abyssal Knight)  Turns: 4124, Time: 00:05:56

Health: 0/72       AC: 23    Str: 14    XL:     6   Next: 68%
Magic:  8/8        EV:  2    Int: 19    God:    Lugonu [***...]
Gold:   215        SH: 12    Dex: 12    Spells: 0 memorised, 5 levels left

rFire  . . .     SeeInvis +     a - +1 hand axe
rCold  . . .     Gourm    .     (armour currently unavailable)
rNeg   + + +     Faith    .     j - +0 large shield
rPois  +         Spirit   .     (helmet currently unavailable)
rElec  .         Dismiss  .     (cloak currently unavailable)
rCorr  .         Reflect  .     (gloves currently unavailable)
SustAt .         Harm     .     (boots currently unavailable)
MR     .....     NoTele   +     (no amulet)
Stlth  +.........               y - +5 ring of evasion (curse)
                                g - ring of see invisible

@: brilliant, lethally poisoned (0 -> -8), tree-form, not resistant to hostile
enchantments, very unstealthy
A: (hooves 0), foul stench 1, powered by pain 1, rot immunity
a: Depart the Abyss, Bend Space, Banish, Renounce Religion


You were on level 4 of the Dungeon.
You worshipped Lugonu.
Lugonu was most pleased with you.
You were very hungry.
You were a tree.
You visited 1 branch of the dungeon, and saw 4 of its levels.
You visited the Abyss 1 time.

You collected 215 gold pieces.

Inventory:

Hand Weapons
 a - a +1 hand axe (weapon)
Armour
 e - a +0 chain mail (melded)
 j - a +0 large shield (worn)
Jewellery
 g - a ring of see invisible (left branch)
 y - a cursed +5 ring of evasion (right branch)
Wands
 v - a wand of random effects (26/48)
Scrolls
 b - 8 scrolls of identify {unknown}
 d - 3 scrolls of immolation {unknown}
 f - 3 scrolls of teleportation {unknown}
 i - a scroll of random uselessness {unknown}
 k - a scroll of noise {unknown}
 l - 3 scrolls of remove curse {unknown}
 q - a scroll of magic mapping {unknown}
 s - 2 scrolls of fog {unknown}
 x - a scroll of enchant armour {unknown}
Potions
 m - 2 potions of cancellation
 n - a potion of mutation {unknown}
 o - a potion of flight {unknown}
 p - a potion of curing {unknown}
 r - a potion of lignification
 t - a potion of resistance {unknown}
 u - a potion of heal wounds {unknown}
 z - a potion of brilliance
Comestibles
 c - 5 bread rations
 h - 3 meat rations
 w - a beef jerky
 A - 4 fruits


   Skills:
 + Level 4.2 Fighting
 + Level 2.9 Axes
 * Level 4.0 Armour
 + Level 1.4 Dodging
 + Level 0.4 Stealth
 + Level 2.6 Shields
 + Level 2.9 Invocations


You had 5 spell levels left.
You didn't know any spells.

Dungeon Overview and Level Annotations

Branches:
Dungeon (4/15)
 Temple: D:4-7

Altars:
Dithmenos
Gozag
Vehumet
The Shining One


Innate Abilities, Weirdness & Mutations

((You have hoof-like feet.))
You may emit foul miasma when damaged in melee.
You sometimes gain a little power by taking damage.
You are immune to rotting.


Message History

You block the giant frog skeleton's attack. x2
Drink which item? (? for menu, Esc to quit)
It was a potion of cancellation.
You feel magically purged.
* * * LOW HITPOINT WARNING * * *
You feel sick. The giant frog skeleton hits you.
* * * LOW HITPOINT WARNING * * *
Drink which item? (? for menu, Esc to quit)
It was a potion of lignification.
You turn into a tree.
Your +0 chain mail melds into your body.
Your roots penetrate the ground.
* * * LOW HITPOINT WARNING * * *
You feel sick.
The giant frog skeleton hits you but does no damage.
You block the giant frog skeleton's attack.
Drink which item? (? for menu, Esc to quit)
It was a potion of brilliance.
You feel clever all of a sudden.
* * * LOW HITPOINT WARNING * * *
You feel sick. The giant frog skeleton hits you.
You die...

...).###.... #.# #.## .....# ..#.
#.# #.## ###### ..#.####### #.#
#.## ..........# #.# #.## #######
#........# #.# #.## #.....#
#!.......# #.# #.##
#.....#####........# #.# #.##
#.(.......#........# #.# #.##
#.........#.....♣..# #.# #...
#####.....#.....Z..###.##########
#####.....#........##............
.....)....#........##.........)..
####......#####..####............
#......# ##.## #............
#......######..# #............
#......##...##.###............
##.....##...##..##..".........


You could see a giant frog skeleton.

Vanquished Creatures
  A giant frog (D:3)
  2 orc wizards
  Ijyb (D:2)
  Natasha (thrice) (D:3)
  A worker ant (D:4)
  4 gnolls (D:4)
  4 adders
  2 oozes
  2 worms
  2 dart slugs
  3 giant geckos
  15 orcs
  4 giant cockroaches
  9 goblins
  5 hobgoblins
  7 jackals
  5 kobolds
  2 quokkas
  A ball python skeleton (D:4)
  7 bats
  A giant gecko skeleton (D:4)
  3 giant newts
  A quokka skeleton (D:4)
  7 rats
92 creatures vanquished.

Vanquished Creatures (others)
  A bat (D:1)
  8 starspawn tentacles (Abyss:1)
  57 starspawn tentacle segments
66 creatures vanquished.

Grand Total: 158 creatures vanquished

Notes
Turn   | Place    | Note
--------------------------------------------------------------
     0 | Abyss:1  | Gargoyl the Demonspawn Abyssal Knight began the quest for the Orb.
     0 | Abyss:1  | Reached XP level 1. HP: 18/18 MP: 2/2
    33 | Abyss:1  | Noticed a tentacled starspawn
    37 | Abyss:1  | Noticed a dire elephant skeleton
    38 | Abyss:1  | Noticed a tentacled starspawn
   121 | Abyss:2  | Noticed a tentacled starspawn
   124 | D:1      | Escaped the Abyss
   314 | D:1      | Found a glowing golden altar of the Shining One.
   473 | D:1      | Reached * piety under Lugonu
   473 | D:1      | Gained mutation: You have large cloven feet. [demonic ancestry]
   473 | D:1      | Reached XP level 2. HP: 23/24 MP: 4/4
  1169 | D:2      | Gained mutation: You are immune to rotting. [demonic ancestry]
  1169 | D:2      | Reached XP level 3. HP: 26/29 MP: 5/5
  1448 | D:2      | Noticed Ijyb
  1500 | D:2      | Killed Ijyb
  1500 | D:2      | Reached skill level 1 in Dodging
  1500 | D:2      | Gained mutation: You may emit foul miasma when damaged in melee. [demonic ancestry]
  1500 | D:2      | Reached XP level 4. HP: 15/36 MP: 6/6
  1856 | D:3      | Reached ** piety under Lugonu
  2373 | D:3      | Found an opulent altar of Gozag.
  2465 | D:3      | Found a shadowy altar of Dithmenos.
  2556 | D:3      | Gained mutation: You sometimes gain a little power by taking damage. [demonic ancestry]
  2556 | D:3      | Reached XP level 5. HP: 42/42 MP: 7/7
  2587 | D:3      | Reached skill level 1 in Shields
  2808 | D:3      | Noticed Natasha
  2816 | D:3      | Killed Natasha
  3135 | D:3      | Noticed Natasha
  3158 | D:3      | Killed Natasha
  3238 | D:3      | Noticed Natasha
  3249 | D:3      | Killed Natasha
  3399 | D:3      | Gained mutation: You have hoof-like feet. [demonic ancestry]
  3399 | D:3      | Reached XP level 6. HP: 31/48 MP: 8/8
  3681 | D:4      | Reached *** piety under Lugonu
  3815 | D:4      | Found a radiant altar of Vehumet.
  4122 | D:4      | HP: 2/48 [giant frog skeleton (3)]
  4124 | D:4      | Slain by a giant frog skeleton

Skill      XL: |  1  2  3  4  5  6 |
---------------+-------------------+-----
Armour         | 2 3 4 |  4.0
Axes           | 2 |  2.9
Dodging        | 1 |  1.4
Shields        | 2 |  2.6
Fighting       | 4 |  4.2
Stealth        | |  0.4
Invocations    | |  2.9

Action                   |  1- 3 |  4- 6 || total
-------------------------+-------+-------++-------
Melee: Hand axe          |   157 |   240 ||   397
       Kick              |    29 |    51 ||    80
Invok: Depart the Abyss  |     1 |       ||     1
  Use: Potion            |       |     3 ||     3
  Eat: Chunk             |     2 |     8 ||    10
Armor: Chain mail        |   120 |   170 ||   290
       Skin              |       |     1 ||     1
Dodge: Dodged            |    14 |    22 ||    36
Block: Large shield      |    79 |   178 ||   257
